Construct Section Command Post
Selects Air and Sea Battlegroup
Construct Platoon Command Post
6-pounder Anti-tank Gun Team
Construct Company Command Post
Unlock M3 Grant Medium Tanks
Unlock Bishop Self-propelled Artillery
Selects Naval Bombardment
Selects Commando Section Paradrop
Selects Commando Section Paradrop
Selects Commando Section Paradrop
Selects Commando Support Section Paradrop
Selects Anti-tank Rocket Loiter